 Dungeon Crawl Stone Soup version 0.30-a0-4-ga7cffc901d (webtiles) character file.

Game seed: 6664393882051170554

331 Spectrina the Magician (level 6, 0/43 HPs)
             Began as a Djinni Venom Mage on Aug 21, 2022.
             Slain by an adder (3 damage)
             ... on level 5 of the Dungeon.
             The game lasted 00:11:25 (1180 turns).

Spectrina the Magician (Djinni Venom Mage)          Turns: 1180, Time: 00:11:27

Health: 0/43       AC:  2    Str:  7    XL:     6   Next: 81%
Gold:   108        EV: 14    Int: 19    God:
                   SH:  0    Dex: 19

rFire   + + .      SeeInvis .    (no weapon)
rCold   x . .      Faith    .    n - orb {guile}
rNeg    . . .      Spirit   .    a - +0 robe
rPois   ∞          Reflect  .    (no helmet)
rElec   .          Harm     .    (no cloak)
rCorr   .          Rampage  .    (no gloves)
Will    .....                    (boots unavailable)
Stlth   ++........               (no amulet)
HPRegen 0.14/turn                q - +6 ring of dexterity
MPRegen 0.00/turn                (no ring)

@: flying
A: sickness immunity, fire resistance 2, cold vulnerability 1, float, innate
caster, HP casting, extra vitality 1
a: no special abilities


You were on level 5 of the Dungeon.
You visited 1 branch of the dungeon, and saw 5 of its levels.

You collected 108 gold pieces.

Inventory:

Hand Weapons
 i - a +0 quarterstaff
Missiles
 j - 5 javelins (quivered)
Armour
 a - a +0 robe (worn)
 n - an orb of guile (worn)
Jewellery
 q - a +6 ring of dexterity (left hand)
Wands
 f - a wand of light (7)
Scrolls
 c - a scroll of amnesia {unknown}
 d - 2 scrolls of teleportation {unknown}
 e - a scroll of vulnerability {unknown}
 k - a scroll of magic mapping {unknown}
 l - 2 scrolls of identify {unknown}
 o - a scroll of enchant armour {unknown}
 r - a scroll of enchant weapon {unknown}
Potions
 b - a potion of curing {unknown}
 h - a potion of haste {unknown}


   Skills:
 + Level 2.2 Fighting
 + Level 3.5 Dodging
 + Level 2.8 Stealth
 * Level 3.7 Spellcasting
 + Level 2.2 Invocations


You couldn't memorise any spells.
You knew the following spells:

 Your Spells              Type           Power      Damage    Failure   Level
a - Sting                 Tmut/Pois      68%        1d6       3%          1
f - Magic Dart            Conj           68%        1d6       3%          1
j - Ensorcelled Hibernat  Hex/Ice        34%        N/A       4%          2
l - Mephitic Cloud        Conj/Pois/Air  17%        N/A       9%          3
q - Poisonous Vapours     Pois/Air       34%        N/A       4%          2
w - Olgreb's Toxic Radia  Pois           17%        N/A       30%         4
Your spell library was empty.

Dungeon Overview and Level Annotations

Branches:
Dungeon (5/15)
 Temple: D:4-7

Altars:
Ashenzari
Cheibriados
Fedhas
Hepliaklqana
Nemelex Xobeh
Ru
Zin

Annotations:
D:3 1 runed translucent door
D:4 1 runed translucent door, Crazy Yiuf
D:5 Ijyb


Innate Abilities, Weirdness & Mutations

You are immune to sickness and miasma.
You are immune to poison.
Your flesh is very heat resistant. (rF++)
You are vulnerable to cold. (rC-)
You float through the air rather than walking.
You learn spells naturally, not from books.
Your magical power is your life essence.
You have superior vitality. (+4 MHP)


Message History

Press: ? - help, Shift-Dir - straight line, f/p - Ijyb
Aim: Ijyb, wielding a +0 dagger, wearing a +0 ring mail and carrying a wand of polymorph (8) (lightly wounded, extremely poisoned, chance to affect: 67%) Ijyb resists with significant effort.
* * * LOW HITPOINT WARNING * * *
Unknown command.
Casting: Ensorcelled Hibernation (safe; 4% risk of failure)
Confirm with . or Enter, or press ? or * to list all spells.
Aiming: Ensorcelled Hibernation (safe; 4% risk of failure)
Press: ? - help, Shift-Dir - straight line, f/p - Ijyb
Aim: Ijyb, wielding a +0 dagger, wearing a +0 ring mail and carrying a wand of polymorph (8) (moderately wounded, extremely poisoned, chance to affect: 67%) Ijyb resists with significant effort.
* * * LOW HITPOINT WARNING * * *
An adder comes into view.
Casting: Ensorcelled Hibernation (safe; 4% risk of failure)
Confirm with . or Enter, or press ? or * to list all spells.
Aiming: Ensorcelled Hibernation (safe; 4% risk of failure)
Press: ? - help, Shift-Dir - straight line, f/p - Ijyb
Aim: Ijyb, wielding a +0 dagger, wearing a +0 ring mail and carrying a wand of polymorph (8) (heavily wounded, extremely poisoned, chance to affect: 67%) Ijyb looks drowsy...
* * * LOW HITPOINT WARNING * * *
Unknown command.
There is a stone staircase leading up here.
Casting: Ensorcelled Hibernation (safe; 4% risk of failure)
Confirm with . or Enter, or press ? or * to list all spells.
Aiming: Sting (safe; 3% risk of failure)
Press: ? - help, Shift-Dir - straight line, f - adder
Aim: an adder (57% to hit)
The sting hits the adder.
The adder is poisoned.
The adder is heavily wounded.
* * * LOW HITPOINT WARNING * * *
Casting: Sting (safe; 3% risk of failure)
Confirm with . or Enter, or press ? or * to list all spells.
Aiming: Sting (safe; 3% risk of failure)
Press: ? - help, Shift-Dir - straight line, f/p - adder
Aim: an adder (heavily wounded, poisoned, 57% to hit)
The sting hits the adder.
The adder looks even sicker.
The adder is severely wounded.
* * * LOW HITPOINT WARNING * * *
The adder bites you.
You die...

#...# ......
....#
#...##..#
#.......####+
#............
+............
#..<.........
#...##.(.....
#..S##.g.....
#..@.#.......
#....#.......
######.......
....S..
.$.....


You could see an adder (very poisoned).

Vanquished Creatures
  A black bear (D:4)
  An ogre (D:4)
  A hound (D:4)
  2 iguanas
  3 adders
  An ufetubus (D:4)
  A worm (D:4)
  3 dart slugs (D:4)
  An orc (D:3)
  2 ball pythons
  An endoplasm (D:3)
  2 giant cockroaches
  3 goblins
  2 hobgoblins (D:3)
  3 jackals (D:4)
  3 quokkas
  2 bats
  A frilled lizard (D:2)
  3 kobolds
  A rat (D:3)
37 creatures vanquished.

Notes
Turn   | Place    | Note
-------+----------+-------------------------------------------
     0 | D:1      | Spectrina the Djinni Venom Mage began the quest for the
                  | Orb.
     0 | D:1      | Spectrina set off with the following spells memorised:
                  | Sting, Poisonous Vapours, Mephitic Cloud, Olgreb's Toxic
                  | Radiance.
     0 | D:1      | Reached XP level 1. HP: 15/15 MP: 0/0
   150 | D:2      | Reached XP level 2. HP: 13/22 MP: 0/0
   300 | D:4      | Reached skill level 1 in Fighting
   300 | D:4      | Reached skill level 1 in Invocations
   300 | D:4      | Reached XP level 3. HP: 6/27 MP: 0/0
   300 | D:4      | Learned a level 1 spell: Magic Dart
   337 | D:4      | Found a runed translucent door.
   338 | D:4      | Noticed Crazy Yiuf
   363 | D:4      | Reached XP level 4. HP: 3/32 MP: 0/0
   475 | D:4      | Found a sacrificial altar of Ru.
   475 | D:4      | Found a sparkling altar of Nemelex Xobeh.
   476 | D:4      | Found a hazy altar of Hepliaklqana.
   476 | D:4      | Found a snail-covered altar of Cheibriados.
   476 | D:4      | Found a broken altar of Ashenzari.
   482 | D:4      | Found a glowing silver altar of Zin.
   731 | D:3      | Found a runed translucent door.
   771 | D:4      | Reached XP level 5. HP: 17/37 MP: 0/0
   771 | D:4      | Learned a level 2 spell: Ensorcelled Hibernation
   794 | D:4      | Noticed an ogre
   813 | D:4      | Killed an ogre
   814 | D:4      | Reached XP level 6. HP: 8/43 MP: 0/0
   964 | D:4      | Found a blossoming altar of Fedhas.
   999 | D:5      | Entered Level 5 of the Dungeon
  1007 | D:5      | Noticed a sky beast
  1062 | D:4      | Noticed a black bear
  1116 | D:4      | Killed a black bear
  1165 | D:5      | Noticed Ijyb
  1180 | D:5      | Slain by an adder

Illustrated notes

Levels and vault maps discovered:
D:1:      dpeg_arrival_three_same_balls, layout_basic,
          hellmonk_ecumenical_altar_dog_temple
D:2:      layout_basic, serial_bayou_pond_a, minmay_statues_item
D:3:      layout_basic, led_sif_pool, serial_curves, eino_curves_01,
          eino_curves_01, eino_curves_02, ebering_ghost_sewer_d
D:4:      layout_loops_ring, grunt_temple_overflow_growth_and_decay,
          grunt_temple_overflow_open, uniq_crazy_yiuf_cottage
D:5:      layout_gridville, minmay_misc_feat_rows,
          chequers_serial_rivers_small_3, hangedman_decor_clover_reticule,
          minmay_ogre_servants, uniq_ijyb, uniq_duvessa

Skill      XL: |  1  2  3  4  5  6 |
---------------+-------------------+-----
Fighting       | 1 2 |  2.2
Stealth        | 2 |  2.8
Invocations    | 1 2 |  2.2
Spellcasting   | 3 |  3.7
Dodging        | 3 |  3.5

Action                   |  1- 3 |  4- 6 || total
-------------------------+-------+-------++-------
Melee: Unarmed           |     4 |     4 ||     8
       Punch             |     2 |       ||     2
       Quarterstaff      |     6 |    18 ||    24
Throw: Javelin           |     7 |    12 ||    19
 Cast: Sting             |    20 |    23 ||    43
       Magic Dart        |       |    10 ||    10
       Poisonous Vapours |       |    15 ||    15
       Ensorcelled Hiber |       |     4 ||     4
       Mephitic Cloud    |       |     1 ||     1
  Use: Potion            |       |     4 ||     4
 Stab: Sleeping          |       |     3 ||     3
Armor: Robe              |     1 |     3 ||     4
       Skin              |       |     7 ||     7
Dodge: Dodged            |    11 |    18 ||    29

Table legend: (Time is in decaauts)
 A = Elapsed time spent in this place.
 B = Non-inter-level travel time spent in this place.
 C = Inter-level travel time spent in this place.
 D = Time resting spent in this place.
 E = Time spent auto-exploring this place.
 F = Levels seen in this place.
 G = Mean time per level.
                   A        B        C        D        E       F      G
               +--------+--------+--------+--------+--------+-----+--------+
         Total |   1191 |   1165 |     26 |     37 |      0 |   5 |  238.2 |
       Dungeon |   1191 |   1165 |     26 |     37 |      0 |   5 |  238.2 |
               +--------+--------+--------+--------+--------+-----+--------+

Top non-repeatable levels by time:
     D:4: 669 daAuts
     D:3: 321 daAuts
     D:1: 99 daAuts
     D:2: 60 daAuts
     D:5: 40 daAuts
